AoeStats
← Z4Ge

Arena

510730672Analyzed
1v1 RM · 1d ago on Oct 2, 2026· 38m 25s· 2 players
Game mode
Random Map
Map size
Tiny (2 player)
Population
200
Speed
Normal
Resources
Standard
Victory
Conquest
Starting age
Dark Age
Ending age
Imperial Age
RankedLock teamsTeams togetherTeam positionsShared explorationLock speedFull tech treeHidden civsTurbo modeCheats
Victory
Defeat
🇬🇪 Bohemians · Georgia
2120
+15
🇦🇺 Burgundians · Australia
2100
-15
Z4Ge
4:04 Double-Bit Axe
7:20 Horse Collar
10:09 Feudal Age
14:12 Castle Age
13:28 Bow Saw
17:38 Wheelbarrow
20:12 Light Cavalry
21:11 Loom
22:02 Hand Cart
21:32 Town Watch
22:58 Two-Man Saw
24:05 Forging
24:41 Husbandry
24:32 Fletching
26:26 Iron Casting
26:54 Heavy Plow
26:46 Gold Mining
26:47 Stone Mining
30:01 Imperial Age
27:12 Cavalier
31:44 Chemistry
31:02 Hussar
31:48 Scale Barding Armor
33:09 Chain Barding Armor
33:49 Blast Furnace
33:32 Masonry
34:35 Plate Barding Armor
34:52 Crop Rotation
34:47 Padded Archer Armor
mitrokhin
11:58 Feudal Age
12:45 Double-Bit Axe
13:09 Horse Collar
15:43 Castle Age
16:48 Bow Saw
17:53 Wheelbarrow
17:49 Heavy Plow
20:47 Fervor
21:58 Husbandry
23:08 Light Cavalry
24:40 Hand Cart
27:34 Imperial Age
25:04 Loom
25:37 Pikeman
27:44 Chemistry
26:57 Scale Mail Armor
26:47 Fletching
27:24 Squires
27:36 Padded Archer Armor
28:19 Bodkin Arrow
27:55 Elite Skirmisher
29:49 Bracer
30:05 Leather Archer Armor
31:31 Leather Archer Armor
31:31 Chain Mail Armor
31:11 Halberdier
32:27 Chain Mail Armor
32:45 Ballistics
33:27 Ring Archer Armor
33:49 Plate Mail Armor
33:33 Forging
34:03 Siege Engineers
36:18 Iron Casting
35:13 Houfnice
Connection lost

Rejoining the realm…

Still unreachable

The connection could not be restored.

Session expired

The server has moved on; the page needs a fresh start.